 Dungeon Crawl Stone Soup version 0.24.0-123-gd5b16e6ec5 (webtiles) character file.

Game seed: 4353494857902043600, levelgen mode: deterministic

16166 Mevorra the Blocker (level 12, -3/106 HPs)
             Began as a Minotaur Fighter on Feb 1, 2020.
             Was a Follower of Uskayaw.
             Slain by a tarantella (9 damage)
             ... on level 1 of the Spider Nest.
             The game lasted 01:19:35 (10329 turns).

Mevorra the Blocker (Minotaur Fighter)             Turns: 10329, Time: 01:19:36

Health: -3/106     AC: 19    Str: 24    XL:     12   Next: 7%
Magic:  12/15      EV:  5    Int:  5    God:    Uskayaw [*.....]
Gold:   840        SH:  0    Dex: 12    Spells: 11/11 levels left

rFire    . . .     SeeInvis .   d - +2 spear (pierce)
rCold    + . .     Gourm    .   u - +0 large shield
rNeg     + . .     Faith    .   y - +1 plate armour
rPois    .         Spirit   .   (helmet restricted)
rElec    .         Reflect  .   (no cloak)
rCorr    .         Harm     .   z - +0 pair of gloves
MR       .....                  (no boots)
Stlth    ..........             (no amulet)
HPRegen  0.27/turn              v - ring of positive energy
MPRegen  0.14/turn              o - ring of protection from cold

@: confused
A: retaliatory headbutt, horns 2, yellow scales 1, sense surroundings 1,
screaming 1
a: Stomp, Renounce Religion


You were on level 1 of the Spider Nest.
You worshipped Uskayaw.
Uskayaw was noncommittal.
You were not hungry.

You visited 4 branches of the dungeon, and saw 16 of its levels.
You also visited: Ossuary.

You collected 840 gold pieces.

Inventory:

Hand Weapons
 d - a +2 spear of piercing (weapon)
 h - a +2 short sword of draining
Armour
 u - a +0 large shield (worn)
 y - a +1 plate armour (worn)
 z - a +0 pair of gloves (worn)
Jewellery
 c - a +3 ring of evasion
 g - an uncursed ring of flight
 o - a ring of protection from cold (right hand)
 p - an uncursed ring of ice
 v - a ring of positive energy (left hand)
 C - a +6 ring of intelligence
Wands
 a - a wand of polymorph (5)
 b - a wand of flame (9)
 e - a wand of iceblast (14)
 r - a wand of enslavement (7)
 w - a wand of acid (8)
Scrolls
 j - 6 scrolls of teleportation
 k - a scroll of amnesia
 l - 5 scrolls of remove curse
 n - 2 scrolls of identify
 q - a scroll of magic mapping
 B - a scroll of vulnerability {unknown}
Potions
 m - 3 potions of flight
 s - 2 potions of magic
 t - a potion of curing
 x - 2 potions of might
Comestibles
 f - 24 rations
 i - 6 chunks of flesh


   Skills:
 + Level 10.2 Fighting
 - Level 1.2 Short Blades
 - Level 12.0 Polearms
 + Level 11.2 Armour
 + Level 12.7 Shields
 * Level 6.0 Invocations
 - Level 0.1 Evocations


You had 11 spell levels left.
You didn't know any spells.
Your spell library contained the following spells:

 Spells                   Type           Power        Failure   Level  Hunger
 Freeze                   Ice            #...         100%        1    ##.....
 Throw Frost              Conj/Ice       #.....       100%        2    ###....
 Ozocubu's Armour         Chrm/Ice       #.......     100%        3    ####...
 Summon Ice Beast         Ice/Summ       #.......     100%        4    #####..
 Throw Icicle             Conj/Ice       #.......     100%        4    #####..


Dungeon Overview and Level Annotations

Branches:
Dungeon (12/15)            Temple (1/1) D:4            Lair (2/6) D:11
 Spider (1/4) Lair:2          Orc (0/2) D:9         Ossuary (visited)
  Swamp: Lair:2-4    Shoals: Lair:2-4

Altars:
Dithmenos
Elyvilon
Fedhas
Gozag
Hepliaklqana
Kikubaaqudgha
Qazlal
Sif Muna
Trog
Uskayaw
Yredelemnul
Zin
The Shining One

Shops:
D:9 (


Innate Abilities, Weirdness & Mutations

You reflexively headbutt those who attack you in melee.
You have a pair of horns on your head.
You are partially covered in yellow scales. (AC +2)
You passively map a small area around you.
You occasionally shout uncontrollably at your foes.


Message History

The tarantella barely misses you. The tarantella bites you!
* * * LOW HITPOINT WARNING * * *
You are confused.
The tarantella bites you but does no damage. x2
The tarantella bites you.
* * * LOW HITPOINT WARNING * * *
You can no longer pass through a line of other dancers.
You're too confused to move!
The tarantella barely misses you. The tarantella bites you!
* * * LOW HITPOINT WARNING * * *
The tarantella bites you but does no damage.
The tarantella completely misses you. The tarantella bites you.
* * * LOW HITPOINT WARNING * * *
You are more confused.
The tarantella bites you but does no damage.
The tarantella barely misses you.
You hit the tarantella.
You kill the tarantella!
The tarantella bites you!
You die...

### ## ##≈#
##.^# *
##≈≈##≈...#
#^...≈....# #
#<..##...# , *
#≈# #........# ,
, #≈≈##..##...#
* ,* #....@#..##
, * ,#≈^[ss>.^#,
#...###....##*
#≈...#.##...#.#,
, .##.
#..≈.....# , .
#..##....#* , ,
.. ,#.$.#≈##....
#...#.. ..#.. *
#..#.... #... ,


You could see 2 tarantellas.

Vanquished Creatures
  A hydra (Lair:1)
  Fannar (Lair:1)
  Erica (D:9)
  3 two-headed ogres
  Joseph (D:9)
  A black mamba (Lair:1)
  The ghost of lysyklops the Insei, a novice GnTm (D:5)
  A gargoyle (D:11)
  A spiny frog (Lair:1)
  A komodo dragon (D:11)
  2 trolls
  A hornet (D:5)
  4 blink frogs (Lair:1)
  3 hippogriffs
  Sigmund (D:3)
  A wraith (D:10)
  2 tarantellas (Spider:1)
  A wyvern (D:9)
  11 yaks
  A human (D:7)
  3 hungry ghosts
  2 hogs (D:7)
  Grum (D:9)
  A soldier ant (D:11)
  3 water moccasins
  3 porcupines
  A black bear (D:10)
  4 orc warriors
  2 sky beasts
  A phantom (D:9)
  3 ice beasts
  4 wolves (D:9)
  4 ogres
  5 centaurs
  4 crocodiles
  A big kobold (D:9)
  6 bullfrogs
  2 scorpions
  A wyvern skeleton (D:10)
  5 killer bees (D:9)
  7 wights
  2 howler monkeys
  3 crimson imps
  2 quasits
  5 orc wizards
  3 hounds
  3 jellies
  3 bullfrog skeletons
  An orc priest (D:7)
  2 centaur skeletons
  5 iguanas
  6 worker ants
  2 mummies
  A worker ant zombie (D:7)
  12 gnolls
  16 adders
  A shadow imp (D:8)
  An adder zombie (D:6)
  2 oozes
  An adder skeleton (D:6)
  A worm (D:4)
  3 leopard geckos
  32 orcs
  2 ball pythons
  3 bats
  4 giant cockroaches
  7 goblins
  6 hobgoblins
  3 jackals (D:6)
  A quokka (D:6)
  2 frilled lizards
  2 hobgoblin zombies (D:5)
  30 kobolds
  2 kobold zombies
  2 orc zombies
  6 rats
  A plant (D:9)
280 creatures vanquished.

Vanquished Creatures (others)
  A killer bee (D:9)
  A goblin (D:3)
  A plant (D:11)
3 creatures vanquished.

Grand Total: 283 creatures vanquished

Notes
Turn   | Place    | Note
-------+----------+-------------------------------------------
     0 | D:1      | Mevorra the Minotaur Fighter began the quest for the Orb.
     0 | D:1      | Reached XP level 1. HP: 19/19 MP: 0/0
   127 | D:1      | Reached XP level 2. HP: 23/27 MP: 1/1
   592 | D:2      | Reached XP level 3. HP: 33/33 MP: 2/2
   809 | D:2      | Reached XP level 4. HP: 21/40 MP: 3/3
  1349 | D:3      | Noticed Sigmund
  1375 | D:3      | Killed Sigmund
  1375 | D:3      | Reached skill level 5 in Fighting
  1375 | D:3      | Reached skill level 1 in Short Blades
  1375 | D:3      | Reached skill level 5 in Shields
  1375 | D:3      | Reached XP level 5. HP: 22/48 MP: 4/4
  1446 | D:3      | Reached XP level 6. HP: 39/56 MP: 5/5
  1482 | D:3      | Reached skill level 5 in Armour
  1633 | D:3      | Found a white marble altar of Elyvilon.
  2076 | D:4      | Found a staircase to the Ecumenical Temple.
  2082 | Temple   | Entered the Ecumenical Temple
  2114 | Temple   | Became a worshipper of Uskayaw the Reveler
  2307 | D:4      | Reached * piety under Uskayaw
  2358 | D:4      | Reached ** piety under Uskayaw
  2362 | D:4      | Reached XP level 7. HP: 53/61 MP: 6/6
  2383 | D:4      | Reached *** piety under Uskayaw
  2935 | D:5      | Entered Level 5 of the Dungeon
  2950 | D:5      | Reached **** piety under Uskayaw
  2962 | D:5      | Reached skill level 5 in Polearms
  3162 | D:5      | Noticed a hornet
  3180 | D:5      | Killed a hornet
  3263 | D:5      | Reached XP level 8. HP: 36/71 MP: 7/7
  3302 | D:5      | Noticed lysyklops's ghost (novice GnTm)
  3303 | D:5      | Found a runed translucent door.
  3440 | D:5      | Killed lysyklops's ghost
  4466 | D:6      | Found a sand-covered staircase.
  4479 | Ossuary  | Entered an ossuary
  4553 | D:6      | Reached XP level 9. HP: 44/79 MP: 8/8
  4742 | D:6      | Found a blossoming altar of Fedhas.
  5768 | D:7      | Reached ***** piety under Uskayaw
  6266 | D:7      | Gained mutation: You occasionally shout uncontrollably at
                  | your foes. [potion of mutation]
  6266 | D:7      | Gained mutation: You are partially covered in yellow
                  | scales. (AC +2) [potion of mutation]
  6266 | D:7      | Gained mutation: You passively map a small area around you.
                  | [potion of mutation]
  6293 | D:8      | Found a blossoming altar of Fedhas.
  6452 | D:8      | Noticed a two-headed ogre
  6486 | D:8      | Killed a two-headed ogre
  6486 | D:8      | Reached skill level 10 in Polearms
  6486 | D:8      | Reached XP level 10. HP: 53/90 MP: 9/9
  6664 | D:8      | Reached skill level 1 in Invocations
  6752 | D:8      | Noticed a two-headed ogre
  6764 | D:8      | Killed a two-headed ogre
  6764 | D:8      | Reached skill level 10 in Shields
  7064 | D:9      | Noticed Joseph
  7109 | D:9      | Killed Joseph
  7209 | D:9      | Found a staircase to the Orcish Mines.
  7258 | D:9      | Noticed Grum
  7273 | D:9      | Killed Grum
  7280 | D:9      | Reached skill level 10 in Armour
  7371 | D:9      | Reached XP level 11. HP: 91/97 MP: 6/12
  7430 | D:9      | Noticed Erica
  7478 | D:9      | Killed Erica
  7793 | D:9      | Found Awoabol's Weapon Emporium.
  8064 | D:9      | Noticed a two-headed ogre
  8076 | D:9      | Killed a two-headed ogre
  8384 | D:10     | Entered Level 10 of the Dungeon
  8530 | D:10     | You fall into a shaft and drop 2 floors!
  8539 | D:12     | Noticed a seven-headed hydra
  9359 | D:11     | Found a staircase to the Lair.
  9386 | D:11     | Reached skill level 5 in Invocations
  9395 | Lair:1   | Entered Level 1 of the Lair of Beasts
  9519 | Lair:1   | Noticed Fannar
  9559 | Lair:1   | Killed Fannar
  9638 | Lair:1   | Noticed a six-headed hydra
  9650 | Lair:1   | Killed a six-headed hydra
  9650 | Lair:1   | Reached skill level 10 in Fighting
  9847 | Lair:1   | Reached XP level 12. HP: 72/106 MP: 15/15
 10237 | Lair:2   | Found a hole to the Spider Nest.
 10263 | Spider:1 | Entered Level 1 of the Spider Nest
 10329 | Spider:1 | Slain by a tarantella

Levels and vault maps discovered:
D:1:      minmay_arrival_jagged, layout_rooms, minmay_misc_feat_five
D:2:      layout_rooms, minmay_pentomino_o2
D:3:      layout_basic, elyvilon_altar_4, uniq_sigmund
D:4:      layout_basic, minmay_temple_entry_trees, first_ration
D:5:      layout_basic, hellmonk_ghost_happy_afterlife, minmay_mini_ossuary
D:6:      layout_basic, lightli_ossuary_entry_decrepit_ruins,
          fedhas_bush_and_centaur_altar
D:7:      layout_rooms, grunt_livestock
D:8:      layout_loops_cross, basic_altar
D:9:      kennysheep_kobold_camp, layout_rooms, orc_0_dummy, serial_shops, shop,
          uniq_joseph, uniq_grum, uniq_erica
D:10:     layout_loops_corners, centaur_isle
D:11:     layout_loops_cross, david_lair_shrubbed, serial_shops, shop
D:12:     layout_layer_cave, minmay_misc_feat_iff
Temple:   nicolae_temple_the_god_donut
Lair:1:   layout_loops_ring, chequers_serial_rivers_small_b, uniq_fannar
Lair:2:   layout_loops_ring, minmay_shoals_entry_beasts, spider_nest_entry_a,
          grunt_megastairs_3
Spider:1: layout_spider_delve

Skill      XL: |  1  2  3  4  5  6  7  8  9 10 11 12 |
---------------+-------------------------------------+-----
Fighting       | 4 5 6 7 8 9 10 | 10.2
Armour         | 4 5 6 7 9 10 11 | 11.2
Shields        | 4 5 6 7 9 10 12 | 12.7
Polearms       | 3 4 6 8 10 11 12 | 12.0
Short Blades   | 1 |  1.2
Invocations    | 3 5 6 |  6.0
Evocations     | |  0.1

Action                   |  1- 3 |  4- 6 |  7- 9 | 10-12 || total
-------------------------+-------+-------+-------+-------++-------
Melee: Trident           |    76 |    26 |       |       ||   102
       Headbutt          |     8 |    23 |    86 |   128 ||   245
       Short sword       |       |    49 |       |       ||    49
       Spear             |       |    70 |   483 |   628 ||  1181
Invok: Stomp             |       |       |     4 |    12 ||    16
       Line Pass         |       |       |     6 |     9 ||    15
Evoke: Wand              |       |       |     1 |     1 ||     2
  Use: Scroll            |     7 |     1 |    10 |    14 ||    32
       Potion            |     4 |     2 |    11 |     7 ||    24
 Stab: Paralysed         |       |       |     9 |    29 ||    38
       Invisible         |       |       |     3 |       ||     3
       Confused          |       |       |     1 |     3 ||     4
  Eat: Chunk             |       |     5 |     8 |    10 ||    23
       Ration            |       |       |     2 |     4 ||     6
Armor: Scale mail        |    29 |    39 |    60 |       ||   128
       Plate armour      |       |       |    58 |   142 ||   200
Dodge: Dodged            |    15 |    28 |    44 |    61 ||   148
Block: Shield            |    40 |    68 |    27 |       ||   135
       Large shield      |       |       |   187 |   313 ||   500
